 Dungeon Crawl Stone Soup version 0.26.0-16-gc1dbca0489 (webtiles) character file.

Game seed: 11886985058129133480

379 EnegeticOcto the Insei (level 6, -4/47 HPs)
             Began as a Gnoll Transmuter on Jan 18, 2021.
             Slain by Blork the orc
             ... wielding a cursed +0 dire flail
              (10 damage)
             ... on level 5 of the Dungeon.
             The game lasted 00:06:35 (760 turns).

EnegeticOcto the Insei (Gnoll Transmuter)            Turns: 760, Time: 00:06:36

Health: -4/47      AC:  2    Str: 12    XL:     6   Next: 74%
Magic:  11/14      EV: 24    Int: 18    God:
Gold:   117        SH:  0    Dex: 20    Spells: 11/15 levels left

rFire    . . .     SeeInvis .     - Unarmed
rCold    . . .     Faith    .   (shield currently unavailable)
rNeg     . . .     Spirit   .   (armour currently unavailable)
rPois    x         Reflect  .   (helmet currently unavailable)
rElec    .         Harm     .   (cloak currently unavailable)
rCorr    +         Rampage  .   (gloves currently unavailable)
Will     .....                  (boots currently unavailable)
Stlth    ++........             (no amulet)
HPRegen  0.15/turn              b - ring of flight (curse)
MPRegen  0.14/turn              k - ring of resist corrosion

@: spider-form
A: tiny, distributed training, strong nose
a: End Transformation, Evoke Flight


You were on level 5 of the Dungeon.
You were a venomous arachnid creature.
You visited 1 branch of the dungeon, and saw 5 of its levels.

You collected 117 gold pieces.

Inventory:

Armour
 a - a +1 robe (melded)
 m - a +0 pair of boots (melded)
   (You found it on level 4 of the Dungeon)
Jewellery
 b - a cursed ring of flight (left front leg)
   (You found it on level 1 of the Dungeon)
 k - a ring of resist corrosion (right front leg)
   (You found it on level 2 of the Dungeon)
Scrolls
 c - a scroll of magic mapping {@r5 !r}
 d - a scroll of fear {!r}
 f - a scroll of enchant armour
 h - a scroll of immolation
 j - a scroll of identify {@r1}
Potions
 e - 3 potions of curing {@q1 !q}
 g - a potion of might {@q3 !q}
 i - a potion of magic
 l - a potion of haste {@q4 !q}


   Skills:
 + Level 3.3 Fighting
 + Level 2.1 Short Blades
 + Level 2.1 Long Blades
 + Level 2.1 Axes
 + Level 2.1 Maces & Flails
 + Level 2.1 Polearms
 + Level 2.1 Staves
 + Level 2.1 Slings
 + Level 2.1 Bows
 + Level 2.1 Crossbows
 + Level 2.1 Throwing
 + Level 2.1 Armour
 + Level 5.0 Dodging
 + Level 2.1 Stealth
 + Level 2.1 Shields
 + Level 6.9 Unarmed Combat
 + Level 5.4 Spellcasting
 + Level 1.6 Conjurations
 + Level 1.6 Hexes
 + Level 1.6 Summonings
 + Level 1.6 Necromancy
 + Level 1.6 Translocations
 + Level 4.1 Transmutations
 + Level 1.6 Fire Magic
 + Level 1.6 Ice Magic
 + Level 1.6 Air Magic
 + Level 1.6 Earth Magic
 + Level 1.6 Poison Magic
 + Level 2.3 Invocations
 + Level 2.1 Evocations


You had 11 spell levels left.
You knew the following spells:

 Your Spells              Type           Power        Failure   Level
a - Beastly Appendage     Tmut           38%          9%          1
b - Spider Form           Tmut/Pois      7%           28%         3

Your spell library contained the following spells:

 Spells                   Type           Power        Failure   Level
 Wereblood                Tmut           19%          12%         2
 Ice Form                 Ice/Tmut       15%          58%         4
 Blade Hands              Tmut           9%           75%         5


Dungeon Overview and Level Annotations

Branches:
Dungeon (5/15)
 Temple: D:4-7

Altars:
Dithmenos

Annotations:
D:5 Blork the orc, Ijyb


Innate Abilities, Weirdness & Mutations

Your experience applies equally to all skills.
((You have very sharp teeth.))
Your uncanny sense of smell can sniff out nearby items.


Message History

The phantom is almost destroyed.
Your transformation has ended.
Your +1 robe unmelds from your body.
Casting: Spider Form (dangerous; 12% risk of failure)
Confirm with . or Enter, or press ? or * to list all spells.
You turn into a venomous arachnid creature.
Your +1 robe melds into your body.
The phantom completely misses you.
You closely miss the phantom.
The phantom is almost destroyed.
The phantom barely misses you.
You hit the phantom.
The phantom is almost destroyed.
The phantom barely misses you.
You barely miss the phantom.
The phantom is almost destroyed.
The phantom misses you.
You hit the phantom.
You destroy the phantom!
Your Short Blades skill increases to level 2!
Your Long Blades skill increases to level 2!
Your Axes skill increases to level 2!
Your Maces & Flails skill increases to level 2!
Your Polearms skill increases to level 2!
Your Staves skill increases to level 2!
Your Slings skill increases to level 2!
Your Bows skill increases to level 2!
Your Crossbows skill increases to level 2!
Your Throwing skill increases to level 2!
Your Armour skill increases to level 2!
Your Dodging skill increases to level 5!
Your Stealth skill increases to level 2!
Your Shields skill increases to level 2!
Your Evocations skill increases to level 2!
Found 22 bolts.
Found a stone staircase leading up.
Your transformation is almost over.
There is a stone staircase leading up here.
You climb upwards.
A quokka comes into view.
There is a stone staircase leading down here.
You climb downwards.
There is a stone staircase leading up here.
Your transformation has ended.
Your +1 robe unmelds from your body.
Found a shadowy altar of Dithmenos.
Found a scroll of identify.
Found a pair of boots.
You see here a pair of boots.
You start putting on your armour.
You continue putting on your pair of boots. x4
You finish putting on your +0 pair of boots.
Found 33 stones.
Found a stone staircase leading down.
You see here 33 stones.
A hound comes into view.
Found a stone staircase leading down.
There is a stone staircase leading down here.
Casting: Spider Form (dangerous; 12% risk of failure)
Confirm with . or Enter, or press ? or * to list all spells.
You turn into a venomous arachnid creature.
Your +0 pair of boots melds into your body.
Your +1 robe melds into your body.
The hound barks!
You hit the hound but do no damage.
The hound is poisoned.
The hound completely misses you. The hound bites you.
You hit the hound but do no damage.
The hound looks as sick as possible!
The hound barely misses you.
You barely miss the hound.
The hound is moderately wounded.
The hound closely misses you.
You hit the hound but do no damage.
The hound looks as sick as possible!
The hound is moderately wounded.
The hound closely misses you. The hound bites you.
* * * LOW HITPOINT WARNING * * *
You bite the hound!
You kill the hound!
You climb downwards.
Level annotation: Ijyb
Found a scroll of identify.
There is a stone staircase leading up here.
Your transformation is almost over.
j - 2 scrolls of identify {@r1} (gained 1)
As you read the scroll of identify {@r1}, it crumbles to dust.
l - a potion of haste Your transformation has ended.
Your +0 pair of boots unmelds from your body.
Your +1 robe unmelds from your body.
Blork the orc comes into view.
He is wielding a +0 dire flail.
Casting: Spider Form (dangerous; 12% risk of failure)
Confirm with . or Enter, or press ? or * to list all spells.
You turn into a venomous arachnid creature.
Your +0 pair of boots melds into your body.
Your +1 robe melds into your body.
Blork the orc shouts!
Blork the orc gestures at you while chanting.
The puff of frost hits you!
* * * LOW HITPOINT WARNING * * *
Ijyb screams, "No!
No, no, no, no!"
You hit Blork the orc.
Blork the orc is lightly wounded.
Blork the orc hits you with a cursed +0 dire flail!
You die...

##...#.......#
##............#
#.............#
#.............#
#.#...###.#####
#.##### .... #.#
.#.###
######.####....##
..........so....g.
#.#####.####...#.#
#.# .##.## #.#
?.... ∆ #.# #?..#
#.# #...# ..#
#...# ## #.$!#
#..<#


You could see Blork the orc and Ijyb.

Vanquished Creatures
  A phantom (D:4)
  A howler monkey (D:4)
  2 hounds
  An orc priest (D:3)
  3 orc wizards (D:4)
  A jelly (D:2)
  An adder (D:2)
  An ooze (D:4)
  2 worms
  2 leopard geckos
  4 orcs (D:3)
  2 giant cockroaches
  A goblin (D:1)
  3 hobgoblins
  A jackal (D:1)
  6 kobolds
  A quokka (D:5)
  4 bats
  A frilled lizard (D:1)
  5 rats
43 creatures vanquished.

Notes
Turn   | Place    | Note
-------+----------+-------------------------------------------
     0 | D:1      | EnegeticOcto the Gnoll Transmuter began the quest for the
                  | Orb.
     0 | D:1      | Reached XP level 1. HP: 17/17 MP: 6/6
    55 | D:1      | Reached XP level 2. HP: 14/23 MP: 5/7
   211 | D:2      | Reached XP level 3. HP: 3/28 MP: 7/9
   266 | D:2      | Reached skill level 5 in Spellcasting
   365 | D:2      | Reached skill level 1 in Short Blades
   365 | D:2      | Reached skill level 1 in Long Blades
   365 | D:2      | Reached skill level 1 in Axes
   365 | D:2      | Reached skill level 1 in Maces & Flails
   365 | D:2      | Reached skill level 1 in Polearms
   365 | D:2      | Reached skill level 1 in Staves
   365 | D:2      | Reached skill level 1 in Slings
   365 | D:2      | Reached skill level 1 in Bows
   365 | D:2      | Reached skill level 1 in Crossbows
   365 | D:2      | Reached skill level 1 in Throwing
   365 | D:2      | Reached skill level 1 in Armour
   365 | D:2      | Reached skill level 1 in Stealth
   365 | D:2      | Reached skill level 1 in Shields
   365 | D:2      | Reached skill level 1 in Invocations
   365 | D:2      | Reached skill level 1 in Evocations
   404 | D:2      | Reached XP level 4. HP: 31/34 MP: 11/11
   455 | D:3      | Reached skill level 1 in Conjurations
   455 | D:3      | Reached skill level 1 in Hexes
   455 | D:3      | Reached skill level 1 in Summonings
   455 | D:3      | Reached skill level 1 in Necromancy
   455 | D:3      | Reached skill level 1 in Translocations
   455 | D:3      | Reached skill level 1 in Fire Magic
   455 | D:3      | Reached skill level 1 in Ice Magic
   455 | D:3      | Reached skill level 1 in Air Magic
   455 | D:3      | Reached skill level 1 in Earth Magic
   455 | D:3      | Reached skill level 1 in Poison Magic
   462 | D:3      | Learned a level 3 spell: Spider Form
   538 | D:4      | Reached XP level 5. HP: 20/40 MP: 8/12
   546 | D:4      | Reached skill level 3 in Fighting
   547 | D:4      | Reached skill level 4 in Transmutations
   599 | D:5      | Entered Level 5 of the Dungeon
   608 | D:5      | Noticed Ijyb
   610 | D:5      | Reached XP level 6. HP: 16/47 MP: 10/13
   614 | D:4      | Reached skill level 2 in Invocations
   619 | D:4      | Noticed a phantom
   672 | D:4      | Killed a phantom
   673 | D:4      | Reached skill level 2 in Short Blades
   673 | D:4      | Reached skill level 2 in Long Blades
   673 | D:4      | Reached skill level 2 in Axes
   673 | D:4      | Reached skill level 2 in Maces & Flails
   673 | D:4      | Reached skill level 2 in Polearms
   673 | D:4      | Reached skill level 2 in Staves
   673 | D:4      | Reached skill level 2 in Slings
   673 | D:4      | Reached skill level 2 in Bows
   673 | D:4      | Reached skill level 2 in Crossbows
   673 | D:4      | Reached skill level 2 in Throwing
   673 | D:4      | Reached skill level 2 in Armour
   673 | D:4      | Reached skill level 5 in Dodging
   673 | D:4      | Reached skill level 2 in Stealth
   673 | D:4      | Reached skill level 2 in Shields
   673 | D:4      | Reached skill level 2 in Evocations
   692 | D:4      | Found a shadowy altar of Dithmenos.
   756 | D:5      | Noticed Blork the orc
   760 | D:5      | Slain by Blork the orc

Illustrated notes

Levels and vault maps discovered:
D:1:      dpeg_arrival_arbitrary_b, layout_basic, minmay_tetromino_l2
D:2:      minmay_angry_zag, layout_loops_ring
D:3:      layout_basic, lemuel_coloured_pillars_altar, grunt_ministairs_9,
          uniq_crazy_yiuf_cottage
D:4:      layout_basic, nicolae_overflow_hidden_temple
D:5:      layout_loops_cross, old_standard_altar, uniq_blork_the_orc, uniq_ijyb

Skill      XL: |  1  2  3  4  5  6 |
---------------+-------------------+-----
Spellcasting   | 5 |  5.4
Short Blades   | 1 2 |  2.1
Long Blades    | 1 2 |  2.1
Axes           | 1 2 |  2.1
Maces & Flails | 1 2 |  2.1
Polearms       | 1 2 |  2.1
Staves         | 1 2 |  2.1
Slings         | 1 2 |  2.1
Bows           | 1 2 |  2.1
Crossbows      | 1 2 |  2.1
Throwing       | 1 2 |  2.1
Armour         | 1 2 |  2.1
Stealth        | 1 2 |  2.1
Shields        | 1 2 |  2.1
Invocations    | 1 2 |  2.3
Evocations     | 1 2 |  2.1
Conjurations   | 1 |  1.6
Hexes          | 1 |  1.6
Summonings     | 1 |  1.6
Necromancy     | 1 |  1.6
Translocations | 1 |  1.6
Fire Magic     | 1 |  1.6
Ice Magic      | 1 |  1.6
Air Magic      | 1 |  1.6
Earth Magic    | 1 |  1.6
Poison Magic   | 1 |  1.6
Fighting       | 3 |  3.3
Transmutations | 4 |  4.1
Dodging        | 5 |  5.0
Unarmed Combat | |  6.9

Action                   |  1- 3 |  4- 6 || total
-------------------------+-------+-------++-------
Melee: Unarmed           |    61 |    64 ||   125
       Bite              |     7 |     3 ||    10
       Headbutt          |     4 |     1 ||     5
       Kick              |     5 |     3 ||     8
       Punch             |     1 |       ||     1
 Cast: Beastly Appendage |     8 |     4 ||    12
       Spider Form       |       |     8 ||     8
  Use: Scroll            |     5 |     5 ||    10
       Potion            |     1 |       ||     1
 Stab: Sleeping          |     1 |     1 ||     2
Armor: Robe              |    15 |       ||    15
       Skin              |       |     1 ||     1
Dodge: Dodged            |    53 |    45 ||    98
